 Dungeon Crawl Stone Soup version 0.32-a0-913-g739538afd8 (webtiles) character file.

Game seed: 18260334445969674010

36 GeoRichter the Shield-Bearer (level 3, -2/29 HPs)
             Began as a Formicid Fighter on Apr 9, 2024.
             Was a Believer of Trog.
             Slain by a ribbon worm (4 damage)
             ... on level 2 of the Dungeon.
             The game lasted 00:01:21 (985 turns).

GeoRichter the Shield-Bearer (Formicid Fighter)      Turns: 985, Time: 00:01:22

Health: -2/29      AC:  6    Str: 20    XL:     3   Next: 57%
Magic:  3/3        EV:  8    Int:  7    God:    Trog [**....]
Gold:   102        SH:  5    Dex: 15    Spells: 2/2 levels left

rFire   . . .        a - +0 war axe
rCold   . . .        c - +0 buckler
rNeg    . . .        b - +0 scale mail
rPois   .            (helmet unavailable)
rElec   .            (no cloak)
rCorr   .            (no gloves)
SInv    +            (no boots)
Will    .....        (no amulet) Stlth
                     (no ring)
HPRegen 0.24/turn    (no ring)
MPRegen 0.08/turn

%: no passive effects
@: no status effects
A: permanent stasis, dig shafts and tunnels, antennae 3, four strong arms
a: Dig, Shaft Self, Renounce Religion, Trog's Hand


You were on level 2 of the Dungeon.
You worshipped Trog.
Trog was pleased with you.
You visited 1 branch of the dungeon, and saw 2 of its levels.

You collected 102 gold pieces.

Inventory:

Hand Weapons
 a - a +0 war axe (weapon)
Armour
 b - a +0 scale mail (worn)
 c - a +0 buckler (worn)
Scrolls
 e - a scroll of poison {unknown}
 f - a scroll of teleportation {unknown}
 g - a scroll of enchant weapon {unknown}
 h - a scroll of fear {unknown}
Potions
 d - 3 potions of might


   Skills:
 - Level 3.2 Fighting
 * Level 3.7 Axes
 - Level 3.2 Armour
 - Level 4.0 Shields


You had 2 spell levels left.
You didn't know any spells.
Your spell library was empty.

Dungeon Overview and Level Annotations

Branches:
Dungeon (2/15) Zot: 10985

Altars:
Okawaru
Trog


Innate Abilities, Weirdness & Mutations

You cannot be hasted, slowed, berserked, paralysed or teleported.
You can dig through walls and to a lower floor.
You have a pair of large antennae on your head. (SInv)
Your four strong arms can wield two-handed weapons with a shield.


Message History

You closely miss the orc. x2
The rat squeaks loudly.
The orc hits you with a +0 club.
You slash the orc!
You kill the orc!
Trog accepts your kill.
You barely miss the orc. The orc hits you with a +0 club.
You are too injured to fight recklessly!
You are too injured to fight recklessly!
Okay, then.
Unknown command.
You slash the orc!
You kill the orc!
Trog accepts your kill.
The orc priest calls down the wrath of Beogh upon you.
Beogh smites you!
* * * LOW HITPOINT WARNING * * *
You closely miss the orc priest.
The ribbon worm expels a string of sticky webbing.
The stream of webbing hits you but does no damage.
You are caught in a web!
The orc priest hits you with a +0 flail.
* * * LOW HITPOINT WARNING * * *
A rat comes into view.
The web tears apart.
The rat squeaks loudly.
The orc priest hits you with a +0 flail.
* * * LOW HITPOINT WARNING * * *
A frilled lizard comes into view.
You block the orc priest's attack.
Things that are here:
a +0 club; an orc corpse The frilled lizard hisses angrily.
You hit the orc priest.
The orc priest is heavily wounded.
You hit the rat.
You kill the rat!
Trog accepts your kill. The orc priest barely misses you.
You hit the orc priest.
The orc priest is severely wounded.
The orc priest casts a cantrip, but nothing happens.
The orc priest completely misses you.
A goblin comes into view. It is wielding a +0 club.
The goblin shouts!
You slash the orc priest!
You kill the orc priest!
Trog accepts your kill.
You slash the ribbon worm! The ribbon worm bites you.
You die...

#.<..##.# {
#..#.##.#
..#..#..#.###
#............#
###.........$#
.............#
.........?...#
._.......)...###
..........)@...#
..........w....#
.......<......#
......r......#
...l........#
............#
.g...........
..#........#.


You could see a ribbon worm, a goblin, a frilled lizard and a rat.

Vanquished Creatures
  An orc priest (D:2)
  2 orcs (D:2)
  2 ball pythons (D:1)
  A bat (D:1)
  3 endoplasms (D:1)
  A giant cockroach (D:1)
  4 goblins (D:1)
  2 hobgoblins (D:1)
  3 quokkas (D:1)
  5 frilled lizards (D:1)
  3 kobolds (D:1)
  5 rats
32 creatures vanquished.

Notes
Turn   | Place    | Note
-------+----------+-------------------------------------------
     0 | D:1      | GeoRichter the Formicid Fighter began the quest for the
                  | Orb.
     0 | D:1      | Reached XP level 1. HP: 18/18 MP: 1/1
    21 | D:1      | Found a faded altar of an unknown god.
    98 | D:1      | Prayed at the altar of an unknown god.
    98 | D:1      | Became a worshipper of Trog the Wrathful
    98 | D:1      | Reached * piety under Trog
   172 | D:1      | Reached XP level 2. HP: 24/24 MP: 2/2
   430 | D:1      | Reached ** piety under Trog
   431 | D:1      | Reached XP level 3. HP: 29/29 MP: 3/3
   968 | D:2      | Found an iron altar of Okawaru.
   981 | D:2      | HP: 1/29 [orc priest/+0 flail (3)]
   985 | D:2      | Slain by a ribbon worm

Illustrated notes

Levels and vault maps discovered:
D:1:      tarquinn_simple_flora_water_a, layout_loops_corners,
          dreamdust_ecumenical_altar_statues, serial_rivers,
          chequers_serial_rivers_small_3, chequers_serial_rivers_marsh,
          chequers_serial_rivers_micro_b, chequers_serial_rivers_micro_d
D:2:      layout_rooms, basic_altar, serial_bayou_lagoon_a,
          supply_closet_lemuel, serial_bayou_ford_a, uniq_sigmund

Skill      XL: |  1  2 |
---------------+-------+-----
Axes           | 3 |  3.7
Fighting       | |  3.2
Armour         | |  3.2
Shields        | |  4.0

Action                     || total
---------------------------++-------
  Melee: War axe           ||    51
 Armour: Scale mail        ||    44
  Dodge: Dodged            ||    24
  Block: Buckler           ||     8

Table legend: (Time is in decaauts)
 A = Elapsed time spent in this place.
 B = Non-inter-level travel time spent in this place.
 C = Inter-level travel time spent in this place.
 D = Time resting spent in this place.
 E = Time spent auto-exploring this place.
 F = Levels seen in this place.
 G = Mean time per level.
                   A        B        C        D        E       F      G
               +--------+--------+--------+--------+--------+-----+--------+
         Total |   1012 |    949 |     63 |      0 |    769 |   2 |  506.0 |
       Dungeon |   1012 |    949 |     63 |      0 |    769 |   2 |  506.0 |
               +--------+--------+--------+--------+--------+-----+--------+

Top non-repeatable levels by time:
     D:1: 994 daAuts
     D:2: 18 daAuts
